 Dungeon Crawl Stone Soup version 0.23-a0-419-g0174fd8 (webtiles) character file.

354 JeffiDaFish the Grave Robber (level 6, -3/32 HPs)
             Began as a Deep Elf Necromancer on Nov 12, 2018.
             Killed by divine providence
             ... invoked by an orc priest
              (11 damage)
             ... on level 3 of the Dungeon.
             The game lasted 00:07:47 (2286 turns).

JeffiDaFish the Grave Robber (Deep Elf Necromancer) Turns: 2286, Time: 00:07:47

Health: -3/32      AC:  3    Str:  5    XL:     6   Next: 35%
Magic:  1/15       EV: 14    Int: 22    God:
Gold:   78         SH:  0    Dex: 15    Spells: 11/15 levels left

rFire    . . .     SeeInvis .   d - +1 short sword
rCold    + . .     Gourm    .   (no shield)
rNeg     . . .     Faith    .   m - +0 robe {rC+}
rPois    .         Spirit   .   (no helmet)
rElec    .         Reflect  .   (no cloak)
rCorr    .         Harm     .   h - +0 pair of gloves
MR       .....                  (no boots)
Stlth    ++........             (no amulet)
HPRegen  0.10/turn              (no ring)
MPRegen  0.14/turn              (no ring)

@: no status effects
A: no striking features
a: no special abilities


You were on level 3 of the Dungeon.
You were not hungry.

You visited 1 branch of the dungeon, and saw 3 of its levels.

You collected 78 gold pieces.

Inventory:

Hand Weapons
 d - a +1 short sword (weapon)
Armour
 e - a +0 robe
 h - a +0 pair of gloves (worn)
 m - a +0 robe of cold resistance (worn)
Wands
 a - a wand of iceblast (6)
Scrolls
 b - 4 scrolls of identify
 g - 2 scrolls of fog
 k - a scroll of teleportation
Potions
 f - 4 potions of curing
 i - a potion of ambrosia
 l - a potion of might
Comestibles
 c - 7 rations
 j - a chunk of flesh


   Skills:
 + Level 4.5 Dodging
 - Level 2.4 Stealth
 + Level 5.2 Spellcasting
 * Level 7.4 Necromancy


You had 11 spell levels left.
You knew the following spells:

 Your Spells              Type           Power        Failure   Level  Hunger
a - Pain                  Necr           ####         1%          1    None
b - Vampiric Draining     Necr           #####.....   1%          3    ##.....

Your spell library contained the following spells:

 Spells                   Type           Power        Failure   Level  Hunger
 Animate Skeleton         Necr           N/A          1%          1    None
 Animate Dead             Necr           N/A          4%          4    ####...
 Regeneration             Chrm/Necr      ###.......   6%          3    ##.....


Dungeon Overview and Level Annotations

Branches:
Dungeon (3/15)

Altars:


Message History

The orc priest calls down the wrath of Beogh upon you.
Beogh smites you!
* * * LOW HITPOINT WARNING * * *
You feel better.
The orc priest calls upon Beogh to heal the orc.
The orc's wounds heal themselves!
The orc barely misses you. The orc hits you with a +0 hand axe!
* * * LOW HITPOINT WARNING * * *
Casting: Pain (safe; 1% risk of failure)
Confirm with . or Enter, or press ? or * to list all spells.
Aiming: Vampiric Draining (safe; 1% risk of failure)
Press: ? - help, Shift-Dir - straight line, f/p - orc
Aim: an orc, wielding a +0 hand axe and wearing a +0 leather armour You kill the orc!
You feel life coursing into your body.
Evoke which item? (* to show all) (? for menu, Esc to quit)
Okay, then.
The orc priest invokes the aid of Beogh against you.
Beogh smites you!
You die...

........# #.# #.#.####*
........#***#.# #.#....#
...##.#..,,,#g# #.#..<.#
...*#.#.#**,#o# #.#....#
,,,*,,,,* *,#.# #.#....#
,,,*,,,,***,#.# #.#.####
,,,+,,,,+,,,#.# #.#.#
,,,*,,,,****#g###########.#(#####
,,,**,*** #.o.@.........(....[.
,,,**,* ***#############.#......
,,***,* *,,,,,,,.......).#######
*** *,****,******##########
*,*,,,,,,,,,,,,,,,*
*,*,**,**********,* *,*,**,*
*,*****###### *,*,**,*
*,,,,,,...... *,*,**,*
*******######


You could see an orc priest and a goblin.

Vanquished Creatures
  Sigmund (D:2)
  Jessica (D:2)
  An orc priest (D:3)
  Natasha (thrice) (D:2)
  A gnoll (D:1)
  2 worms (D:2)
  A dart slug (D:2)
  4 orcs (D:3)
  7 bats
  2 giant cockroaches (D:2)
  5 goblins
  5 hobgoblins
  4 frilled lizards
  5 kobolds
  7 rats
49 creatures vanquished.

Notes
Turn   | Place    | Note
-------+----------+-------------------------------------------
     0 | D:1      | JeffiDaFish the Deep Elf Necromancer began the quest for
                  | the Orb.
     0 | D:1      | Reached XP level 1. HP: 10/10 MP: 6/6
   329 | D:1      | Reached skill level 5 in Necromancy
   382 | D:1      | Reached XP level 2. HP: 12/15 MP: 5/8
  1000 | D:2      | Noticed Natasha
  1066 | D:2      | Killed Natasha
  1066 | D:2      | Reached XP level 3. HP: 2/19 MP: 2/10
  1071 | D:2      | Learned a level 3 spell: Vampiric Draining
  1411 | D:2      | Noticed Jessica
  1417 | D:2      | Killed Jessica
  1417 | D:2      | Reached skill level 6 in Necromancy
  1417 | D:2      | Reached XP level 4. HP: 20/24 MP: 6/12
  1715 | D:2      | Noticed Natasha
  1723 | D:2      | Killed Natasha
  1896 | D:2      | Noticed Sigmund
  1904 | D:2      | Killed Sigmund
  1904 | D:2      | Reached skill level 5 in Spellcasting
  1904 | D:2      | Reached skill level 7 in Necromancy
  1904 | D:2      | Reached XP level 5. HP: 14/28 MP: 2/14
  1904 | D:2      | Reached XP level 6. HP: 16/32 MP: 2/15
  2079 | D:2      | Noticed Natasha
  2089 | D:2      | Killed Natasha
  2286 | D:3      | Killed from afar by an orc priest

Vault maps used:
D:1:      minmay_arrival_widening_spiral_wide, minivault_5,
          minmay_split_cup_small
D:2:      uniq_sigmund, uniq_natasha, uniq_jessica

Skill      XL: |  1  2  3  4 |
---------------+-------------+-----
Necromancy     | 5 6 7 |  7.4
Dodging        | 3 4 |  4.5
Spellcasting   | 4 5 |  5.2
Stealth        | |  2.4

Action                   |  1- 3 |  4- 6 || total
-------------------------+-------+-------++-------
Melee: Short sword       |       |     6 ||     6
 Cast: Pain              |    38 |    55 ||    93
       Vampiric Draining |       |     8 ||     8
  Use: Potion            |     5 |     4 ||     9
       Scroll            |     3 |     3 ||     6
 Stab: Sleeping          |       |     5 ||     5
  Eat: Chunk             |       |     4 ||     4
Armor: Robe              |     3 |     2 ||     5
Dodge: Dodged            |     7 |    23 ||    30

Table legend:
 A = Non-vault XP
 B = Vault XP
 C = Vault XP percentage of total XP
 D = Non-vault monster count
 E = Vault monster count
 F = Vault count percentage of total count
                 A         B        C        D         E       F
            +---------+---------+-------+---------+---------+-------
      Total |     189 |     317 |  62.6 |      43 |       6 |  12.2
            +---------+---------+-------+---------+---------+-------
        D:1 |      30 |       6 |  16.7 |      12 |       3 |  20.0
        D:2 |     109 |     311 |  74.0 |      25 |       3 |  10.7
        D:3 |      50 |       0 |   0.0 |       6 |       0 |   0.0
            +---------+---------+-------+---------+---------+-------
